 Dungeon Crawl Stone Soup version 0.28-a0-390-gb254ac4902 (webtiles) character file.

Game seed: 1378184118322825052

67 huihihh the Skirmisher (level 4, 0/41 HPs)
             Began as a Minotaur Fighter on Sept 3, 2021.
             Slain by an ogre (24 damage)
             ... on level 3 of the Dungeon.
             The game lasted 00:01:39 (1894 turns).

huihihh the Skirmisher (Minotaur Fighter)           Turns: 1894, Time: 00:01:40

Health: 0/41       AC:  9    Str: 21    XL:     4   Next: 0%
Magic:  3/3        EV:  5    Int:  5    God:
Gold:   126        SH: 12    Dex: 10    Spells: 3/3 levels left

rFire   . . .      SeeInvis .   a - +0 war axe
rCold   . . .      Faith    .   e - +0 tower shield
rNeg    . . .      Spirit   .   b - +0 scale mail
rPois   .          Reflect  .   (helmet restricted)
rElec   .          Harm     .   (no cloak)
rCorr   .          Rampage  .   c - +1 pair of gloves
Will    .....                   (no boots)
Stlth   ..........              (no amulet)
HPRegen 0.13/turn               (no ring)
MPRegen 0.08/turn               (no ring)

@: no status effects
A: horns 2, retaliatory headbutt
a: no special abilities


You were on level 3 of the Dungeon.
You visited 1 branch of the dungeon, and saw 3 of its levels.

You collected 126 gold pieces.

Inventory:

Hand Weapons
 a - a +0 war axe (weapon)
Armour
 b - a +0 scale mail (worn)
 c - a +1 pair of gloves (worn)
 e - a +0 tower shield (worn)
Jewellery
 l - a ring of protection from fire
Scrolls
 k - a scroll of identify {unknown}
Potions
 d - 3 potions of might
 f - a potion of ambrosia {unknown}
 g - 2 potions of heal wounds {unknown}
 h - 2 potions of berserk rage {unknown}
 i - 2 potions of curing {unknown}
 j - a potion of degeneration {unknown}


   Skills:
 + Level 4.6 Fighting
 + Level 3.2 Axes
 + Level 4.2 Armour
 + Level 0.2 Dodging
 + Level 4.0 Shields


You had 3 spell levels left.
You didn't know any spells.
Your spell library was empty.

Dungeon Overview and Level Annotations

Branches:
Dungeon (3/15)

Altars:
Zin


Innate Abilities, Weirdness & Mutations

You have a pair of horns on your head.
You reflexively headbutt those who attack you in melee.


Message History

You have reached level 4!
You feel stronger.
Things that are here:
a +0 dagger; a goblin corpse You now have 126 gold pieces (gained 12).
Things that are here:
a +0 dagger; a goblin corpse
l - a ring of protection from fire You open the door.
There is an open door here.
h - 2 grey potions (gained 1)
Found a stone staircase leading down.
You open the door.
Found a glowing scarf.
No target in view!
No target in view!
No target in view!
No target in view!
No target in view!
No target in view!
No target in view!
No target in view!
No target in view!
No target in view!
There is a stone staircase leading down here.
There is an open door here.
As you open the door, it creaks loudly!
There is an open door here.
An ogre comes into view. It is wielding a +0 giant club.
The ogre shouts!
An ogre is nearby!
An ogre is nearby!
An ogre is nearby!
An ogre is nearby!
The ogre hits you with a +0 giant club!!
You hit the ogre.
The ogre is lightly wounded.
The ogre hits you with a +0 giant club!!
Ouch! That really hurt!
You die...

#.#....######.....##.#.#
#.#....# #.....##.#.#
#.#....#############.#.####
#>'....'...................
###..[.######.######.######
###### ####.# # #....#
.###### ##.####### .......
#.@....... .......
#...O.....## #......
#.........# #......
#.........# #......
#.........# #......
#.........# ........
#.........# ........
#.........# ........
........


You could see an ogre.

Vanquished Creatures
  2 adders (D:2)
  3 endoplasms
  7 giant cockroaches
  5 goblins
  5 hobgoblins
  5 kobolds (D:1)
  2 quokkas (D:1)
  2 ball pythons
  6 bats
  3 frilled lizards (D:1)
  3 rats
43 creatures vanquished.

Vanquished Creatures (others)
  A plant (D:1)
  4 withered plants (D:1)
5 creatures vanquished.

Grand Total: 48 creatures vanquished

Notes
Turn   | Place    | Note
-------+----------+-------------------------------------------
     0 | D:1      | huihihh the Minotaur Fighter began the quest for the Orb.
     0 | D:1      | Reached XP level 1. HP: 19/19 MP: 0/0
   170 | D:1      | Reached XP level 2. HP: 26/27 MP: 1/1
   362 | D:1      | Found a faded altar of an unknown god.
   675 | D:1      | Reached XP level 3. HP: 32/34 MP: 2/2
  1166 | D:2      | Found a glowing silver altar of Zin.
  1803 | D:3      | Reached XP level 4. HP: 41/41 MP: 3/3
  1891 | D:3      | Noticed an ogre
  1894 | D:3      | Slain by an ogre

Illustrated notes

Levels and vault maps discovered:
D:1:      eino_arrival_tree_alley, layout_basic,
          shapermc_ecumenical_altar_flowoftime, nrook_uturn, minmay_pentomino_t2
D:2:      layout_rooms, basic_altar, hex_large
D:3:      layout_basic, cheibriados_altar_1, amcnicky_mini_pool_small,
          hangedman_feature_mirror

Skill      XL: |  1  2  3 |
---------------+----------+-----
Fighting       | 4 |  4.6
Armour         | 4 |  4.2
Shields        | 4 |  4.0
Axes           | 3 |  3.2
Dodging        | |  0.2

Action                   |  1- 3 |  4- 6 || total
-------------------------+-------+-------++-------
Melee: War axe           |    77 |     1 ||    78
       Headbutt          |    15 |       ||    15
  Use: Scroll            |     1 |       ||     1
Armor: Scale mail        |    36 |       ||    36
Dodge: Dodged            |    24 |       ||    24
Block: Buckler           |     7 |       ||     7
       Tower shield      |    33 |       ||    33

Table legend: (Time is in decaauts)
 A = Elapsed time spent in this place.
 B = Non-inter-level travel time spent in this place.
 C = Inter-level travel time spent in this place.
 D = Time resting spent in this place.
 E = Time spent auto-exploring this place.
 F = Levels seen in this place.
 G = Mean time per level.
                   A        B        C        D        E       F      G
               +--------+--------+--------+--------+--------+-----+--------+
         Total |   1941 |   1907 |     34 |      0 |   1619 |   3 |  647.0 |
       Dungeon |   1941 |   1907 |     34 |      0 |   1619 |   3 |  647.0 |
               +--------+--------+--------+--------+--------+-----+--------+

Top non-repeatable levels by time:
     D:1: 1112 daAuts
     D:2: 455 daAuts
     D:3: 373 daAuts
